 Dungeon Crawl Stone Soup version 0.28-a0-1213-g0243856f03 (webtiles) character file.

Game seed: 8353057217020675206

37 frimble the Grasshopper (level 3, 0/27 HPs)
             Began as a Demonspawn Warper on Dec 22, 2021.
             Succumbed to an adder's poison
             ... on level 2 of the Dungeon.
             The game lasted 00:01:00 (1516 turns).

frimble the Grasshopper (Demonspawn Warper)         Turns: 1516, Time: 00:01:00

Health: 0/27       AC:  3    Str: 11    XL:     3   Next: 21%
Magic:  6/6        EV: 12    Int: 16    God:
Gold:   59         SH:  0    Dex: 12    Spells: 4/6 levels left

rFire   . . .      SeeInvis .   e - +2 demon trident (flame)
rCold   . . .      Faith    .   (no shield)
rNeg    . . .      Spirit   .   b - +0 leather armour
rPois   .          Reflect  .   (no helmet)
rElec   .          Harm     .   (no cloak)
rCorr   .          Rampage  .   (no gloves)
Will    .....                   (no boots)
Stlth   +.........              (no amulet)
HPRegen 0.09/turn               (no ring)
MPRegen 0.10/turn               (no ring)

@: lethally poisoned (0 -> -14)
A: sturdy frame 1
a: no special abilities


You were on level 2 of the Dungeon.
You visited 1 branch of the dungeon, and saw 2 of its levels.

You collected 59 gold pieces.

Inventory:

Hand Weapons
 a - a +0 falchion
 e - a +2 demon trident of flaming (weapon)
Missiles
 d - 5 boomerangs of dispersal (quivered)
Armour
 b - a +0 leather armour (worn)
 g - a +0 pair of boots
Scrolls
 c - a scroll of blinking
 h - a scroll of torment {unknown}
 i - a scroll of noise {unknown}
Potions
 f - a potion of brilliance {unknown}


   Skills:
 - Level 2.0 Fighting
 - Level 2.5 Long Blades
 + Level 0.9 Polearms
 - Level 0.8 Throwing
 - Level 0.8 Armour
 - Level 2.5 Dodging
 - Level 2.0 Spellcasting
 - Level 2.6 Translocations


You had 4 spell levels left.
You knew the following spells:

 Your Spells              Type           Power      Damage    Failure   Level
a - Blink                 Tloc           20%        N/A       11%         2

Your spell library contained the following spells:

 Spells                   Type           Power      Damage    Failure   Level
 Gell's Gravitas          Tloc           10%        N/A       22%         3
 Lesser Beckoning         Tloc           10%        N/A       22%         3
 Teleport Other           Tloc           10%        N/A       22%         3
 Passage of Golubria      Tloc           10%        N/A       58%         4
 Manifold Assault         Tloc           10%        N/A       90%         5
 Silence                  Hex/Air        0%         N/A       99%         5
 Lehudib's Crystal Spear  Conj/Erth      0%         10d2      100%        8


Dungeon Overview and Level Annotations

Branches:
Dungeon (2/15)

Altars:


Innate Abilities, Weirdness & Mutations

Your movements are slightly less encumbered by armour. (ER -2)


Message History

The worm is lightly wounded.
The worm barely misses you.
You puncture the worm! You burn the worm.
The worm is severely wounded.
The worm misses you.
You hit the worm. You burn the worm.
You kill the worm!
An adder comes into view.
The adder moves out of view.
An adder is nearby!
An adder is nearby!
An adder is nearby!
An adder is nearby!
You are too injured to fight recklessly!
You are too injured to fight recklessly!
You are too injured to fight recklessly!
You are too injured to fight recklessly!
You are too injured to fight recklessly!
You are too injured to fight recklessly!
You are too injured to fight recklessly!
You are too injured to fight recklessly!
You are too injured to fight recklessly!
The adder hisses angrily.
The adder bites you.
You are poisoned.
The adder poisons you!
You barely miss the adder.
You feel sick. The adder bites you.
You are more poisoned.
The adder poisons you!
You closely miss the adder.
You feel very sick. The adder bites you.
* * * LOW HITPOINT WARNING * * *
The adder bites you.
* * * LOW HITPOINT WARNING * * *
You are more poisoned.
The adder poisons you!
You puncture the adder! You burn the adder.
You kill the adder!
You die...

#.....#....+ .....
#......#....##....#
........####.......#
......######.......#
......#............#
..##.........>..#..
............# .
.......†###..+
....#..@# ###
....+..†# ... #....
.# #.)... #......
#....... #......##
#......#


There were no monsters in sight!

Vanquished Creatures
  An adder (D:2)
  2 worms (D:2)
  A dart slug (D:1)
  A ball python (D:1)
  3 bats (D:1)
  3 endoplasms (D:1)
  A giant cockroach (D:1)
  3 goblins
  4 hobgoblins (D:1)
  3 jackals (D:1)
  2 frilled lizards (D:1)
  2 rats (D:1)
26 creatures vanquished.

Notes
Turn   | Place    | Note
-------+----------+-------------------------------------------
     0 | D:1      | frimble the Demonspawn Warper began the quest for the Orb.
     0 | D:1      | Reached XP level 1. HP: 16/16 MP: 3/3
   223 | D:1      | Gained mutation: Your movements are slightly less
                  | encumbered by armour. (ER -2) [demonic ancestry]
   223 | D:1      | Reached XP level 2. HP: 22/22 MP: 5/5
   921 | D:1      | Identified a scroll of acquirement
   921 | D:1      | Acquired a +2 demon trident of flaming
  1162 | D:1      | Found a faded altar of an unknown god.
  1341 | D:1      | Reached XP level 3. HP: 27/27 MP: 6/6
  1400 | D:1      | Learned a level 2 spell: Blink
  1516 | D:2      | Succumbed to an adder's poison

Illustrated notes

Levels and vault maps discovered:
D:1:      dpeg_arrival_central, layout_basic,
          shapermc_ecumenical_altar_mp_ritualfount
D:2:      layout_basic

Skill      XL: |  1 |
---------------+----+-----
Long Blades    | 2 |  2.5
Dodging        | 2 |  2.5
Fighting       | |  2.0
Polearms       | |  0.9
Throwing       | |  0.8
Armour         | |  0.8
Spellcasting   | |  2.0
Translocations | |  2.6

Action                   || total
-------------------------++-------
Melee: Falchion          ||    61
       Demon trident     ||    17
  Use: Scroll            ||     2
Armor: Leather armour    ||    11
Dodge: Dodged            ||    43

Table legend: (Time is in decaauts)
 A = Elapsed time spent in this place.
 B = Non-inter-level travel time spent in this place.
 C = Inter-level travel time spent in this place.
 D = Time resting spent in this place.
 E = Time spent auto-exploring this place.
 F = Levels seen in this place.
 G = Mean time per level.
                   A        B        C        D        E       F      G
               +--------+--------+--------+--------+--------+-----+--------+
         Total |   1533 |   1523 |     10 |      0 |   1319 |   2 |  766.5 |
       Dungeon |   1533 |   1523 |     10 |      0 |   1319 |   2 |  766.5 |
               +--------+--------+--------+--------+--------+-----+--------+

Top non-repeatable levels by time:
     D:1: 1424 daAuts
     D:2: 108 daAuts
